 Dungeon Crawl Stone Soup version 0.27.1-2-g3b301248ec (webtiles) character file.

Game seed: 17108676026221544200

77 TheGamechu the Magician (level 4, -4/33 HPs)
             Began as a Djinni Ice Elementalist on Sept 30, 2021.
             Slain by Crazy Yiuf (6 damage)
             ... on level 2 of the Dungeon.
             The game lasted 00:07:41 (2181 turns).

TheGamechu the Magician (Djinni Ice Elementalist)   Turns: 2181, Time: 00:07:42

Health: -4/33      AC:  2    Str:  7    XL:     4   Next: 60%
Gold:   160        EV: 13    Int: 17    God:
                   SH:  0    Dex: 14

rFire    + + .     SeeInvis .   c - staff of cold
rCold    . . .     Faith    .   (no shield)
rNeg     . . .     Spirit   .   a - +0 robe
rPois    ∞         Reflect  .   (no helmet)
rElec    .         Harm     .   (no cloak)
rCorr    .         Rampage  .   (no gloves)
Will     .....                  (boots unavailable)
Stlth    ++........             (no amulet)
HPRegen  0.11/turn              (no ring)
MPRegen  0.00/turn              (no ring)

@: flying, slowed, very slow
A: sickness immunity, fire resistance 2, cold vulnerability 1, float, innate
caster, hp casting, extra vitality 1
a: no special abilities


You were on level 2 of the Dungeon.
You visited 1 branch of the dungeon, and saw 2 of its levels.

You collected 160 gold pieces.

Inventory:

Hand Weapons
 b - a +0 dagger
 e - a +3 whip of venom
 m - a +0 falchion of holy wrath
Missiles
 d - 18 poisoned darts
Armour
 a - a +0 robe (worn)
 f - a +2 buckler
Magical Staves
 c - a staff of cold (weapon)
Scrolls
 h - 3 scrolls of amnesia {unknown}
 i - 4 scrolls of identify {unknown}
 j - a scroll of fear {unknown}
 k - a scroll of teleportation {unknown}
 n - a scroll of immolation {unknown}
Potions
 g - a potion of attraction {unknown}
 l - a potion of mutation {unknown}


   Skills:
 + Level 1.6 Fighting
 + Level 3.1 Dodging
 + Level 2.3 Stealth
 + Level 3.6 Spellcasting


You couldn't memorise any spells.
You knew the following spells:

 Your Spells              Type           Power      Damage    Failure   Level
a - Freeze                Ice            88%        1d10      3%          1
b - Frozen Ramparts       Ice            44%        1d6       11%         3
c - Ozocubu's Armour      Ice            22%        N/A       11%         3
d - Hailstorm             Conj/Ice       22%        3d7       36%         4
e - Sting                 Tmut/Pois      60%        1d6       3%          1
Your spell library was empty.

Dungeon Overview and Level Annotations

Branches:
Dungeon (2/15)

Altars:
Ashenzari

Annotations:
D:2 Crazy Yiuf


Innate Abilities, Weirdness & Mutations

You are immune to sickness and miasma.
You are immune to poison.
Your flesh is very heat resistant. (rF++)
You are vulnerable to cold. (rC-)
You float through the air rather than walking.
You learn spells naturally, not from books.
Your magical power is your life essence.
You have superior vitality. (+4 HP)


Message History

The jackal barks!
The jackal is lightly wounded.
The jackal closely misses you. The jackal misses you.
You feel a surge of power!
You freeze the jackal!
You kill the jackal!
A jackal comes into view.
The jackal barks!
You hear a bark!
You feel a surge of power!
You freeze the jackal.
The jackal is heavily wounded.
The jackal closely misses you. The jackal barely misses you.
You feel a surge of power!
You freeze the jackal.
You kill the jackal!
You see here a jackal corpse.
A jackal comes into view.
You see here a +0 buckler.
You feel a surge of power!
You freeze the jackal.
The jackal is moderately wounded.
The jackal barely misses you. The jackal misses you.
You feel a surge of power!
You freeze the jackal!
You kill the jackal!
There is a stone staircase leading up here.
You see here a +0 dagger.
You see here 33 stones.
You reach down and open the door.
There is an open translucent door here.
You feel a surge of power!
You miscast Freeze.
You are very lightly contaminated with residual magic.
Nothing appears to happen.
Crazy Yiuf cries, "East!"
Crazy Yiuf hits you with a +4 quarterstaff of chaos!!
Ouch! That really hurt!
You feel yourself slow down. Crazy Yiuf barely misses you.
There is an open translucent door here.
Crazy Yiuf laughs, "Rot childish foot!"
Crazy Yiuf hits you with a +4 quarterstaff of chaos!
* * * LOW HITPOINT WARNING * * *
Your magical contamination has completely faded away.
Crazy Yiuf hits you with a +4 quarterstaff of chaos.
You die...

#.# ########.#
#.....####.# #.#####
### ###..## #.# #.....#
#.## #.# #####.# #.#
#.# #.# ##### ####.#
#.# #.# #)..###
##....## #.# ####.#
#...'.####......# #.#
#....#
#...##.g#.......#####.#
#.####
########@#....#.......#
#.#### ################
##.##.# ...#..########
.....###.....#
####..#..##### ##...##
#####


You could see Crazy Yiuf.

Vanquished Creatures
  Terence (D:2)
  A gnoll (D:2)
  An orc (D:2)
  3 endoplasms
  2 goblins
  5 hobgoblins
  7 jackals (D:2)
  3 kobolds
  2 quokkas
  5 bats
  4 frilled lizards
  3 rats
37 creatures vanquished.

Notes
Turn   | Place    | Note
-------+----------+-------------------------------------------
     0 | D:1      | TheGamechu the Djinni Ice Elementalist began the quest for
                  | the Orb.
     0 | D:1      | Reached XP level 1. HP: 15/15 MP: 0/0
   401 | D:1      | Reached XP level 2. HP: 20/22 MP: 0/0
   977 | D:2      | Found a runed translucent door.
   978 | D:2      | Noticed Crazy Yiuf
  1011 | D:2      | Found a broken altar of Ashenzari.
  1109 | D:2      | Reached skill level 1 in Fighting
  1109 | D:2      | Reached XP level 3. HP: 22/27 MP: 0/0
  1109 | D:2      | Learned a level 1 spell: Sting
  1423 | D:2      | Noticed Terence
  1433 | D:2      | Killed Terence
  1434 | D:2      | Reached XP level 4. HP: 14/32 MP: 0/0
  1774 | D:2      | Found a faded altar of an unknown god.
  2181 | D:2      | Slain by Crazy Yiuf

Illustrated notes

Levels and vault maps discovered:
D:1:      nzn_arrival_settlement, layout_loops_ring, minmay_misc_feat_alley
D:2:      layout_loops_ring, hellmonk_ecumenical_altar_leap_of_faith,
          basic_altar, minmay_randomly_rotated_circles, uniq_crazy_yiuf_cottage,
          uniq_terence

Skill      XL: |  1  2  3 |
---------------+----------+-----
Fighting       | 1 |  1.6
Stealth        | 2 |  2.3
Dodging        | 3 |  3.1
Spellcasting   | |  3.6

Action                   |  1- 3 |  4- 6 || total
-------------------------+-------+-------++-------
Melee: Staff             |    14 |       ||    14
 Cast: Freeze            |    31 |    12 ||    43
       Frozen Ramparts   |     3 |       ||     3
Armor: Robe              |     8 |       ||     8
Dodge: Dodged            |    24 |     9 ||    33
